 Dungeon Crawl Stone Soup version 0.24.0-13-gcf9b319 (webtiles) character file.

Game seed: 17740696052828882446, levelgen mode: deterministic

1917666 Fang the Impregnable (level 27, 190/190 HPs)
             Began as a Gargoyle Berserker on Dec 5, 2019.
             Was the Champion of Trog.
             Escaped with the Orb
             ... and 3 runes!
             The game lasted 01:41:53 (56597 turns).

Fang the Impregnable (Gargoyle Berserker)          Turns: 56597, Time: 01:41:54

Health: 190/190    AC: 61    Str: 26    XL:     27
Magic:  23/23      EV: 12    Int:  9    God:    Trog [******]
Gold:   8062       SH: 24    Dex:  7    Spells: 26/26 levels left

rFire    + + .     SeeInvis .   A - +9 broad axe (vamp)
rCold    + + +     Gourm    .   B - +0 large shield
rNeg     + + +     Faith    .   b - +1 gold dragon scales
rPois    ∞         Spirit   +   k - +2 hat of the Bear Spirit {Spirit, +Rage rN+ MR++}
rElec    +         Reflect  .   P - scarf {repulsion}
rCorr    .         Harm     .   W - +2 pair of gloves of the First Snow {rPois rC+++ Str-3}
MR       +++++                  U - +4 pair of boots of the Tuna {rN+ Regen+ Dex-4}
Stlth    ..........             (no amulet)
HPRegen  0.81/turn              Y - ring of Ryluibis {rF+ MR+ AC+1}
MPRegen  0.18/turn              X - +4 ring of slaying

@: flying, repel missiles
A: antennae 1, big wings, agile 1, cold resistance 1, dopey 1, magic resistance
1, negative energy resistance 1, shaggy fur 1, electricity resistance, weak 1,
unbreathing, evolution 1, petrification resistance, rot immunity, AC +20
0: Orb of Zot
}: 3/15 runes: serpentine, barnacled, silver
a: Stop Flying, Berserk, Trog's Hand, Brothers in Arms, Renounce Religion, Evoke
Berserk Rage


You escaped.
You worshipped Trog.
Trog was exalted by your worship.
You were not hungry.

You visited 10 branches of the dungeon, and saw 50 of its levels.
You also visited: Desolation.

You collected 8711 gold pieces.
You spent 649 gold pieces at shops.

Inventory:

Hand Weapons
 a - a +6 broad axe of flaming
 q - the +0 war axe of Disembowelment {freeze, rF+ Dex+3}
   (You took it off an orc priest on level 10 of the Dungeon)

   It has been specially enchanted to freeze those struck by it, causing extra
   injury to most foes and up to half again as much damage against particularly
   susceptible opponents.
   It can also slow down cold-blooded creatures.
   It affects your dexterity (+3).
   It protects you from fire.
 s - the +10 broad axe of the Lair of Beasts {chop, Dex+3}
   (You took it off a deep elf annihilator on level 5 of the Vaults)

   It inflicts extra damage upon your enemies.
   It affects your dexterity (+3).
 A - a +9 vampiric broad axe (weapon)
 E - the +8 broad axe of Cuxy {chop, Str+7 Int+3}
   (Trog gifted it to you on level 13 of the Dungeon)

   It inflicts extra damage upon your enemies.
   It affects your strength (+7).
   It affects your intelligence (+3).
Armour
 b - +1 gold dragon scales (worn)
 k - the +2 hat of the Bear Spirit (worn) {Spirit, +Rage rN+ MR++}
   (You found it on level 5 of the Vaults)

   It protects you from negative energy.
   It affects your resistance to hostile enchantments.
   It lets you go berserk.
 B - a +0 large shield (worn)
 P - a scarf of repulsion (worn)
 U - the +4 pair of boots of the Tuna (worn) {rN+ Regen+ Dex-4}
   (You found it on level 2 of the Vaults)

   It affects your dexterity (-4).
   It protects you from negative energy.
   It increases your rate of regeneration.
 W - the +2 pair of gloves of the First Snow (worn) {rPois rC+++ Str-3}
   (You found it on level 2 of the Elven Halls)

   It affects your strength (-3).
   It renders you almost immune to cold.
   It protects you from poison.
Jewellery
 i - the ring of Phasing {EV+8}
   (You found it on level 5 of the Vaults)

   [ring of evasion]

   It affects your evasion (+8).
 y - a +2 ring of protection
 C - the ring "Feqovoda" {rF+ rN+ Str+2 Dex+2}
   (You found it on level 6 of the Lair of Beasts)

   [ring of protection from fire]

   It affects your strength (+2).
   It affects your dexterity (+2).
   It protects you from fire.
   It protects you from negative energy.
 X - a +4 ring of slaying (right hand)
 Y - the ring of Ryluibis (left hand) {rF+ MR+ AC+1}
   (You took it off a deep elf demonologist on level 3 of the Elven Halls)

   [ring of protection]

   It affects your AC (+1).
   It protects you from fire.
   It affects your resistance to hostile enchantments.
 Z - the ring of Xom's Whimsicality {+Blink EV+3 Str+4}
   (You found it in the Desolation of Salt)

   [ring of evasion]

   It affects your evasion (+3).
   It affects your strength (+4).
   It lets you blink.
Wands
 e - a wand of acid (36)
 j - a wand of disintegration (54)
 p - a wand of digging (43)
 r - a wand of flame (66)
 t - a wand of paralysis (54)
 u - a wand of clouds (5)
 v - a wand of iceblast (18)
 w - a wand of random effects (126)
 D - a wand of enslavement (7)
 L - a wand of scattershot (7)
 N - a wand of polymorph (36)
Scrolls
 d - 11 scrolls of teleportation
 f - 8 scrolls of fear
 g - 18 scrolls of identify
 l - 3 scrolls of brand weapon
 o - 2 scrolls of summoning
 F - 5 scrolls of fog
 H - 6 scrolls of magic mapping
 O - 8 scrolls of blinking
 Q - 3 scrolls of enchant armour
 R - 3 scrolls of silence
 S - 17 scrolls of remove curse
Potions
 h - 12 potions of curing
 m - 7 potions of agility
 n - 17 potions of heal wounds
 x - 5 potions of resistance
 z - a potion of invisibility
 G - 3 potions of mutation
 I - 10 potions of might
 J - 4 potions of ambrosia
 K - 5 potions of haste
 T - 3 potions of cancellation
Comestibles
 c - 79 rations


   Skills:
 + Level 24.2 Fighting
 + Level 21.1 Axes
 + Level 24.2 Armour
 + Level 19.6 Dodging
 + Level 22.2 Shields


You had 26 spell levels left.
You didn't know any spells.
Your spell library was empty.

Dungeon Overview and Level Annotations

Branches:
Dungeon (15/15)            Temple (1/1) D:5            Lair (6/6) D:8
 Shoals (4/4) Lair:3        Snake (4/4) Lair:4        Slime (0/5) Lair:6
    Orc (2/2) D:12            Elf (3/3) Orc:2        Vaults (5/5) D:13
  Crypt (0/3) Vaults:3     Depths (5/5) D:15            Zot (5/5) Depths:5
Desolation (visited)

Altars:
Ashenzari
Cheibriados
Dithmenos
Elyvilon
Fedhas
Gozag
Hepliaklqana
Kikubaaqudgha
Makhleb
Nemelex Xobeh
Okawaru
Qazlal
Ru
Sif Muna
Trog
Uskayaw
Wu Jian
Xom
Yredelemnul
Zin
The Shining One
Beogh
Jiyva

Shops:
D:6 *   D:8 *   D:10 [   D:13 (   Orc:2 *?(=   Elf:2 :[(}(   Shoals:1 *
Vaults:2 (   Vaults:3 (   Depths:3 %   Depths:4 %}%*

Portals:
Hell: Depths:1 Depths:3 Depths:4 Depths:5
Abyss: Depths:4 Depths:5
Pandemonium: Depths:3 Depths:4
Ziggurat: Depths:4

Annotations:
D:13 2 transporters
Lair:4 2 runed translucent doors, Kuerar's ghost, journeyman BaFi
Depths:2 1 runed translucent door
Zot:1 3 runed translucent doors, Jofris Vesimp's ghost, legendary GnFE
Zot:2 exclusion: 5 lightning spires


Innate Abilities, Weirdness & Mutations

You are resistant to torment.
Your stone body is resilient. (AC +20)
You are immune to poison.
Your large and strong wings let you fly indefinitely.
You resist negative energy. (rN+)
You are resistant to electric shocks. (rElec)
You can survive without breathing.
You are immune to petrification.
You are immune to rotting.
You have a pair of small antennae on your head.
You are agile. (Dex +2)
Your flesh is cold resistant. (rC+)
You are dopey. (Int -2)
You are resistant to hostile enchantments. (MR+)
You are covered in fur. (AC +1)
You are weak. (Str -2)
You evolve.


Message History

The shadow demon gestures.
The shadow demon gestures.
The demonspawn shouts!
The minotaur bellows!
The ogre shouts!
The spriggan shouts!
The octopode shouts!
The felid hisses angrily.
The elf shouts!
The soul eater disappears in a puff of smoke!
You block the bat's attack.
The merfolk shouts!
You block the bat's attack. You block the bat's attack.
You block the bat's attack.
There is an open door here.
You block the bat's attack. You block the bat's attack.
There is a staircase leading out of the dungeon here.
You block the bat's attack.
You have escaped!

###.###
#h#.#9#
###
###2###
#..
#e#.#M#
#.#
###.###
#..
#m#.#n#
#.#
###'###
#.#
#...#
###
#b@.#
#####


You could see a shadow demon and a bat.

Vanquished Creatures
  2 orbs of fire (Zot:5)
  5 ancient liches
  3 juggernauts
  Boris (Depths:3)
  The ghost of Xihoome the Slayer, a veteran MiGl of Okawaru (Elf:2)
  Xtahua (Depths:3)
  Saint Roka (Vaults:4)
  8 caustic shrikes
  Frederick (Vaults:4)
  6 Killer Klowns
  2 curse toes
  7 golden dragons
  Jory (Vaults:4)
  A profane servitor (D:10)
  4 electric golems
  2 liches
  30 Orb Guardians
  Jorgrun (Snake:2)
  13 tentacled monstrosities
  2 deep elf master archers (Elf:3)
  2 deep elf blademasters (Elf:3)
  5 titans
  9 quicksilver dragons
  6 death cobs
  Polyphemus (Shoals:4)
  4 sphinxes
  9 tengu reavers
  8 shadow dragons
  12 storm dragons
  10 draconian monks
  13 nagarajas (Snake:4)
  8 fire giants
  2 iron dragons
  5 draconian knights
  A ghost moth (Zot:4)
  5 deep elf sorcerers
  11 draconian shifters
  8 frost giants
  14 vault wardens
  5 draconian scorchers
  3 imperial myrmidons (Desolation)
  A warmonger (Zot:4)
  An orc warlord (Orc:2)
  5 deep elf elementalists
  A spriggan defender (Depths:2)
  7 draconian stormcallers
  Aizul (Snake:3)
  27 stone giants
  A reaper (Zot:4)
  8 draconian annihilators
  24 very ugly things
  19 ironheart preservers
  An entropy weaver (Vaults:4)
  A war gargoyle (Zot:2)
  2 ghouls
  Azrael (D:14)
  5 vampire knights
  3 halazid warlocks (Desolation)
  6 deep elf annihilators
  16 black draconians
  8 green draconians
  9 deep elf demonologists
  10 spark wasps
  13 white draconians
  7 purple draconians
  11 yellow draconians
  8 red draconians
  Snorg (D:14)
  21 ettins
  9 deep elf death magi
  2 merfolk javelineers (Shoals:4)
  Josephine (D:13)
  13 ragged hierophants
  14 yaktaur captains
  14 fire dragons
  5 merfolk impalers
  7 rakshasas
  9 deep elf high priests
  10 great orbs of eyes
  Erolcha (D:11)
  6 servants of whispers
  9 peacekeepers (Desolation)
  36 vault guards
  5 spriggan air magi
  A hell beast (D:7)
  4 hydras
  14 ice dragons
  10 naga warriors
  2 merfolk avatars
  4 merfolk aquamancers
  4 death knights
  13 centaur warriors
  53 two-headed ogres
  32 dancing weapons
  A catoblepas (Shoals:4)
  11 anacondas
  7 deep troll shamans
  A satyr (Shoals:2)
  2 tengu warriors
  19 ogre magi
  4 death yaks (Shoals:4)
  6 deep troll earth magi
  An orc high priest (Elf:1)
  12 shock serpents
  A small abomination (Elf:3)
  10 spriggan berserkers
  3 hell hogs (Zot:2)
  2 vampire magi
  23 deep elf knights
  5 soul eaters
  11 naga sharpshooters
  4 hell knights (Depths:5)
  A salamander mystic (Snake:2)
  Sonja (D:12)
  6 skeletal warriors
  2 large abominations (Elf:3)
  3 iron trolls
  2 sixfirhies (Zot:2)
  3 shadow wraiths
  5 sea snakes
  3 flayed ghosts
  A glowing orange brain (shapeshifter) (Depths:5)
  A gelid demonspawn (Zot:4)
  An unseen horror (D:15)
  21 deep elf archers
  4 glowing orange brains
  8 naga ritualists
  23 deep trolls
  19 ironbrand convokers
  6 necromancers
  An obsidian statue (Zot:5)
  5 wizards
  18 orc knights
  6 phantasmal warriors
  Pikel (D:4)
  4 mana vipers
  16 harpies
  11 fauns (Shoals:2)
  35 ugly things
  2 fauns (shapeshifter)
  6 cyclopes
  3 orc sorcerers
  10 salamanders
  10 wolf spiders
  70 deep elf magi
  5 rust devils
  6 manticores
  17 moths of wrath
  2 black mambas (shapeshifter)
  A toenail golem (Zot:4)
  22 naga magi
  A water nymph (shapeshifter) (Depths:3)
  21 guardian serpents
  A molten gargoyle (Desolation)
  4 water nymphs
  7 merfolk sirens
  2 orange demons
  18 spiny frogs
  44 black mambas
  A smoke demon (D:10)
  2 spiny frogs (shapeshifter)
  2 gargoyles
  A frost giant skeleton (Depths:3)
  22 vault sentinels
  2 hellions
  50 yaktaurs
  5 freezing wraiths
  6 komodo dragons
  2 kobold demonologists
  2 rime drakes
  A komodo dragon (shapeshifter) (D:14)
  3 tengu conjurers
  A queen bee (Depths:2)
  A red devil (Zot:4)
  A jumping spider (shapeshifter) (Depths:3)
  5 trolls
  A meliai (shapeshifter) (Vaults:3)
  6 meliai (D:15)
  3 wind drakes
  28 merfolk
  A slime creature (shapeshifter) (Vaults:4)
  2 polar bears
  A hornet (shapeshifter) (Vaults:1)
  Grinder (D:6)
  5 tyrant leeches (Lair:6)
  31 slime creatures
  9 hornets
  71 saltlings
  19 blink frogs
  8 snapping turtles
  2 raiju (Zot:2)
  12 hippogriffs
  A hippogriff (shapeshifter) (Elf:2)
  3 air elementals
  A redback (Vaults:4)
  A vampire (D:14)
  13 spriggans
  27 yaks
  10 wraiths
  2 ynoxinuls
  19 water elementals
  2 wyverns
  A human (shapeshifter) (Vaults:2)
  2 fire bats (Lair:4)
  2 basilisks
  6 fire elementals
  A golden eye (shapeshifter) (Vaults:4)
  A neqoxec (Depths:3)
  A human simulacrum (Vaults:1)
  8 vampire mosquitoes
  9 wargs
  A soldier ant (shapeshifter) (Vaults:3)
  Duvessa (D:4)
  2 acid dragons
  43 nagas
  A water moccasin (shapeshifter) (Vaults:5)
  14 water moccasins
  10 porcupines
  A porcupine (shapeshifter) (Vaults:5)
  52 orc warriors
  2 floating eyes
  4 hell hounds
  An ice beast (shapeshifter) (D:15)
  A sky beast (D:15)
  3 black bears
  An eye of draining (D:11)
  A black bear (shapeshifter) (Vaults:1)
  2 ettin simulacra
  An eye of draining (shapeshifter) (Elf:1)
  5 phantoms
  4 slaves (D:4)
  8 boggarts
  An ice beast (D:8)
  18 centaurs
  57 ogres
  10 wolves
  9 crocodiles
  2 big kobolds
  Blork the orc (D:4)
  35 bullfrogs
  3 earth elementals
  2 gnoll sergeants
  Dowan (D:4)
  A water moccasin skeleton (D:10)
  7 scorpions
  19 killer bees (Depths:2)
  6 wights
  4 electric eels
  6 howler monkeys
  8 crimson imps
  2 centaur zombies
  4 quasits
  An iron imp (Depths:3)
  23 orc priests
  3 centaur skeletons
  5 hounds
  4 jellies
  19 orc wizards
  3 bullfrog skeletons
  A gnoll shaman (D:9)
  Jessica (D:3)
  Natasha (thrice) (D:3)
  6 iguanas
  11 worker ants
  2 hound zombies
  4 hound skeletons
  3 worker ant zombies
  Robin (D:4)
  17 gnolls
  20 adders
  5 shadow imps
  A white imp (Depths:3)
  2 ufetubi (Depths:3)
  5 oozes
  An adder zombie (D:8)
  4 worms
  2 ball lightnings
  A dart slug (D:1)
  5 leopard geckos
  102 orcs
  2 giant cockroaches (D:5)
  14 goblins
  11 hobgoblins
  10 jackals
  6 quokkas
  3 ball pythons
  6 bats
  9 frilled lizards
  A jackal skeleton (D:4)
  14 kobolds
  A leopard gecko skeleton (D:4)
  A quokka skeleton (D:6)
  7 rats
  4 crawling corpses (Elf:1)
  3 fungi
  27 plants
2456 creatures vanquished.

Vanquished Creatures (collateral kills)
  A deep elf annihilator (Elf:3)
  A hydra (Lair:1)
  A small abomination (Elf:3)
  A blink frog (Lair:6)
  A hippogriff (Lair:5)
  A boggart (Lair:5)
  2 bullfrogs (Lair:5)
8 creatures vanquished.

Vanquished Creatures (others)
  An Orb Guardian (Zot:5)
  A storm dragon (Zot:2)
  4 draconian knights
  A draconian shifter (Zot:2)
  A white draconian (Zot:1)
  A naga warrior (Snake:4)
  A hell hog (Zot:2)
  A deep elf knight (Elf:1)
  A wizard (Vaults:2)
  2 necromancers
  A cyclops (Vaults:2)
  A deep elf mage (Elf:3)
  An ugly thing (Vaults:5)
  A guardian serpent (Snake:4)
  A naga mage (Snake:4)
  2 black mambas (Snake:4)
  A tengu conjurer (D:15)
  A saltling (Desolation)
  A naga (Snake:4)
  An orc warrior (Elf:1)
  An ogre (Vaults:2)
  2 centaurs
  An orc wizard (Orc:1)
  4 ball lightnings (Zot:2)
  4 fungi
  20 plants
57 creatures vanquished.

Grand Total: 2521 creatures vanquished

Notes
Turn   | Place    | Note
-------+----------+-------------------------------------------
     0 | D:1      | Fang the Gargoyle Berserker began the quest for the Orb.
     0 | D:1      | Reached XP level 1. HP: 14/14 MP: 1/1
     2 | D:1      | Noticed a merfolk
     2 | D:1      | Noticed a ghoul
     4 | D:1      | Noticed an elf
     6 | D:1      | Noticed a felid
     6 | D:1      | Noticed a gargoyle
     8 | D:1      | Noticed an octopode
    10 | D:1      | Noticed a spriggan
    10 | D:1      | Noticed a centaur
    12 | D:1      | Noticed a minotaur
    12 | D:1      | Noticed an ogre
    14 | D:1      | Noticed a demonspawn
    14 | D:1      | Noticed a draconian
    16 | D:1      | Noticed a troll
    16 | D:1      | Noticed a dwarf
    18 | D:1      | Noticed a demigod
    20 | D:1      | Noticed a human
    20 | D:1      | Noticed a vampire
    22 | D:1      | Noticed a vine stalker
    22 | D:1      | Noticed a formicid
    24 | D:1      | Noticed a tengu
    26 | D:1      | Noticed a halfling
    26 | D:1      | Noticed a naga
   101 | D:1      | Reached XP level 2. HP: 16/19 MP: 2/2
   583 | D:1      | Reached ** piety under Trog
   583 | D:1      | Reached XP level 3. HP: 23/23 MP: 3/3
  1270 | D:2      | Reached XP level 4. HP: 23/29 MP: 4/4
  2144 | D:3      | Noticed Jessica
  2160 | D:3      | Killed Jessica
  2160 | D:3      | Reached XP level 5. HP: 18/33 MP: 5/5
  2404 | D:3      | Noticed Natasha
  2409 | D:3      | Killed Natasha
  2522 | D:3      | Noticed Natasha
  2558 | D:3      | Killed Natasha
  2570 | D:3      | Noticed Natasha
  2579 | D:3      | Killed Natasha
  2716 | D:4      | Noticed Pikel
  2716 | D:4      | Noticed a slave
  2716 | D:4      | Noticed a slave
  2716 | D:4      | Noticed a slave
  2716 | D:4      | Noticed a slave
  2724 | D:4      | Killed a slave
  2726 | D:4      | Killed a slave
  2727 | D:4      | Killed a slave
  2729 | D:4      | Killed a slave
  2733 | D:4      | Reached XP level 6. HP: 27/39 MP: 6/6
  2766 | D:4      | Killed Pikel
  2766 | D:4      | Reached skill level 5 in Fighting
  2766 | D:4      | Reached XP level 7. HP: 14/44 MP: 7/7
  2908 | D:4      | Noticed Blork the orc
  2924 | D:4      | Killed Blork the orc
  2924 | D:4      | Reached skill level 5 in Armour
  3201 | D:4      | Found a shimmering altar of Xom.
  3218 | D:4      | Noticed Duvessa
  3225 | D:4      | Noticed Dowan
  3253 | D:4      | Killed Dowan
  3253 | D:4      | Reached *** piety under Trog
  3253 | D:4      | Reached XP level 8. HP: 51/51 MP: 8/8
  3257 | D:4      | Killed Duvessa
  3315 | D:4      | Noticed Robin
  3340 | D:4      | Killed Robin
  3340 | D:4      | Reached skill level 5 in Axes
  3770 | D:5      | Entered Level 5 of the Dungeon
  3794 | D:5      | Found a staircase to the Ecumenical Temple.
  3835 | Temple   | Entered the Ecumenical Temple
  4305 | D:5      | Reached **** piety under Trog
  4574 | D:6      | Reached XP level 9. HP: 57/57 MP: 9/9
  4574 | D:6      | Reached skill level 5 in Dodging
  4822 | D:6      | Found Oninaoz's Assorted Antiques.
  4956 | D:6      | Noticed Grinder
  4972 | D:6      | Paralysed by Grinder for 5 turns
  4990 | D:6      | Paralysed by Grinder for 6 turns
  4999 | D:6      | Paralysed by Grinder for 7 turns
  5012 | D:6      | Killed Grinder
  6230 | D:8      | Found a sacrificial altar of Ru.
  6275 | D:8      | Found Seesh's Assorted Antiques.
  6356 | D:8      | Noticed a troll
  6368 | D:8      | Killed a troll
  6368 | D:8      | Reached XP level 10. HP: 52/64 MP: 10/10
  6528 | D:8      | Reached ***** piety under Trog
  7008 | D:8      | Found a glowing silver altar of Zin.
  7035 | D:8      | Found a staircase to the Lair.
  8019 | D:9      | Found a burning altar of Makhleb.
  8019 | D:9      | Noticed a blizzard demon
  8022 | D:9      | Noticed an orange demon
  8022 | D:9      | Noticed a smoke demon
  8053 | D:9      | Found an opulent altar of Gozag.
  8054 | D:9      | Found a shimmering blue altar of Sif Muna.
  8057 | D:9      | Found a snail-covered altar of Cheibriados.
  8376 | D:10     | Entered Level 10 of the Dungeon
  8376 | D:10     | Found a bloodstained altar of Trog.
  8385 | D:10     | Found Xejon's Antique Armour Boutique.
  8400 | D:10     | Reached ****** piety under Trog
  8504 | D:10     | Reached XP level 11. HP: 52/71 MP: 11/11
  8654 | D:10     | Identified the +0 war axe of Disembowelment {freeze, rF+
                  | Dex+3}
  8657 | D:10     | Received a gift from Trog
  8925 | D:11     | Noticed a sixfirhy
  9278 | D:11     | Noticed Erolcha
  9293 | D:11     | Killed Erolcha
  9293 | D:11     | Reached skill level 10 in Fighting
  9320 | D:11     | Noticed a green ugly thing
  9330 | D:11     | Killed a green ugly thing
  9431 | D:11     | Noticed a cyclops
  9436 | D:11     | Noticed a two-headed ogre
  9444 | D:11     | Killed a cyclops
  9449 | D:11     | Killed a two-headed ogre
  9594 | D:11     | Reached skill level 10 in Armour
  9744 | D:11     | Noticed a cyclops
  9761 | D:11     | Killed a cyclops
 10898 | D:12     | Noticed Sonja
 10942 | D:12     | Killed Sonja
 10942 | D:12     | Reached XP level 12. HP: 79/79 MP: 12/12
 11023 | D:12     | Found a staircase to the Orcish Mines.
 11296 | Lair:1   | Entered Level 1 of the Lair of Beasts
 11320 | Lair:1   | Noticed a seven-headed hydra
 11326 | Lair:1   | Killed a seven-headed hydra
 11405 | Lair:1   | Received a gift from Trog
 12177 | Lair:2   | Noticed a seven-headed hydra
 12196 | Lair:2   | Killed a 19-headed hydra
 12590 | Lair:2   | Reached skill level 10 in Axes
 13548 | Lair:3   | Found a staircase to the Shoals.
 13794 | Lair:4   | Found a large runed translucent door.
 13794 | Lair:4   | Found a large runed translucent door.
 13981 | Lair:4   | Reached XP level 13. HP: 60/86 MP: 13/13
 14032 | Lair:4   | Found a staircase to the Snake Pit.
 14093 | Lair:4   | Noticed Kuerar's ghost (journeyman BaFi)
 14923 | Lair:5   | Received a gift from Trog
 15269 | Lair:5   | Reached skill level 1 in Shields
 15878 | Lair:6   | Entered Level 6 of the Lair of Beasts
 15905 | Lair:6   | Received a gift from Trog
 15907 | Lair:6   | Reached skill level 10 in Dodging
 16404 | Lair:6   | Gained mutation: Your large and strong wings let you fly
                  | indefinitely. [Gargoyle growth]
 16404 | Lair:6   | Reached XP level 14. HP: 51/94 MP: 14/14
 16452 | Lair:6   | Got a vibrating jade ring
 16475 | Lair:6   | Identified the ring "Feqovoda" {rF+ rN+ Str+2 Dex+2} (You
                  | found it on level 6 of the Lair of Beasts)
 16839 | Lair:6   | Found a runed translucent door.
 16839 | Lair:6   | Found a viscous altar of Jiyva.
 17196 | Lair:6   | Found a staircase to the Slime Pits.
 17483 | D:13     | Found a transporter.
 17651 | D:13     | Found a transporter.
 17655 | D:13     | Found a gate to the Vaults.
 17658 | D:13     | Reached skill level 5 in Shields
 17679 | D:13     | Found Ugephube's Antique Weapon Emporium.
 17696 | D:13     | Noticed Josephine
 17705 | D:13     | Killed Josephine
 17707 | D:13     | Received a gift from Trog
 17718 | D:13     | Got a translucent broad axe {god gift}
 17719 | D:13     | Identified the +8 broad axe of Cuxy {chop, Str+7 Int+3}
                  | (Trog gifted it to you on level 13 of the Dungeon)
 18354 | D:14     | Noticed Snorg
 18363 | D:14     | Killed Snorg
 18484 | D:14     | Noticed Azrael
 18494 | D:14     | Killed Azrael
 18686 | D:15     | Entered Level 15 of the Dungeon
 19726 | D:15     | Found a staircase to the Depths.
 19842 | D:15     | Reached XP level 15. HP: 100/100 MP: 15/15
 19937 | D:15     | Received a gift from Trog
 20431 | Orc:1    | Entered Level 1 of the Orcish Mines
 20431 | Orc:1    | Found a roughly hewn altar of Beogh.
 20900 | Orc:2    | Entered Level 2 of the Orcish Mines
 20908 | Orc:2    | Noticed an orc warlord
 20921 | Orc:2    | Killed an orc warlord
 21029 | Orc:2    | Found a staircase to the Elven Halls.
 21973 | Orc:2    | Found Tyiraosm's Magic Scroll Boutique.
 21973 | Orc:2    | Found Ecasid's Antique Weapon Emporium.
 21975 | Orc:2    | Found Miaruod's Jewellery Shoppe.
 21977 | Orc:2    | Found Sysosk's Assorted Antiques.
 22719 | Snake:1  | Entered Level 1 of the Snake Pit
 22868 | Snake:1  | Received a gift from Trog
 23854 | Snake:2  | Noticed Jorgrun
 23870 | Snake:2  | Killed Jorgrun
 23870 | Snake:2  | Reached XP level 16. HP: 107/107 MP: 16/16
 24398 | Snake:2  | Received a gift from Trog
 24399 | Snake:2  | Reached skill level 15 in Fighting
 25273 | Snake:3  | Reached skill level 15 in Armour
 25584 | Snake:3  | Noticed Aizul
 25600 | Snake:3  | Killed Aizul
 25625 | Snake:3  | Reached skill level 10 in Shields
 25913 | Snake:4  | Entered Level 4 of the Snake Pit
 25920 | Snake:4  | Noticed a nagaraja
 25929 | Snake:4  | Noticed a nagaraja
 25932 | Snake:4  | Killed a nagaraja
 25957 | Snake:4  | Received a gift from Trog
 26005 | Snake:4  | Noticed a nagaraja
 26012 | Snake:4  | Noticed a nagaraja
 26015 | Snake:4  | Noticed a nagaraja
 26061 | Snake:4  | Noticed a nagaraja
 26072 | Snake:4  | Killed a nagaraja
 26072 | Snake:4  | Reached XP level 17. HP: 111/113 MP: 17/17
 26082 | Snake:4  | Received a gift from Trog
 26714 | Snake:4  | Received a gift from Trog
 26874 | Snake:4  | Got a serpentine rune of Zot
 27145 | Shoals:1 | Entered Level 1 of the Shoals
 27263 | Shoals:1 | Found Htedezu's Humungous Hoard.
 27695 | Shoals:1 | Received a gift from Trog
 28176 | Shoals:2 | Reached XP level 18. HP: 120/120 MP: 18/18
 28990 | Shoals:3 | Received a gift from Trog
 29823 | Shoals:4 | Entered Level 4 of the Shoals
 29837 | Shoals:4 | Noticed Polyphemus
 29871 | Shoals:4 | Killed Polyphemus
 30047 | Shoals:4 | Got a barnacled rune of Zot
 30342 | Vaults:1 | Entered Level 1 of the Vaults
 30456 | Vaults:1 | Received a gift from Trog
 30744 | Vaults:1 | Paralysed by an orc sorcerer for 7 turns
 31069 | Vaults:1 | Reached XP level 19. HP: 78/128 MP: 19/19
 31376 | Vaults:1 | Received a gift from Trog
 32155 | Vaults:2 | Reached skill level 15 in Axes
 32314 | Vaults:2 | Received a gift from Trog
 32452 | Vaults:2 | Got a pair of translucent boots
 32458 | Vaults:2 | Identified the +4 pair of boots of the Tuna {rN+ Regen+
                  | Dex-4} (You found it on level 2 of the Vaults)
 32581 | Vaults:2 | Received a gift from Trog
 32641 | Vaults:2 | Found Fisk's Weapon Shoppe.
 33549 | Vaults:3 | Found Vubut's Weapon Boutique.
 33601 | Vaults:3 | Paralysed by an orc sorcerer for 6 turns
 33929 | Vaults:3 | Found a staircase to the Crypt.
 33929 | Vaults:3 | Found an ancient bone altar of Kikubaaqudgha.
 33930 | Vaults:3 | Found a basalt altar of Yredelemnul.
 34006 | Vaults:3 | Reached XP level 20. HP: 133/136 MP: 20/20
 34211 | Vaults:3 | Received a gift from Trog
 34755 | Vaults:3 | Received a gift from Trog
 34978 | Vaults:4 | Paralysed by a sphinx for 6 turns
 35296 | Vaults:4 | Noticed Frederick
 35312 | Vaults:4 | Killed Frederick
 35312 | Vaults:4 | Received a gift from Trog
 35374 | Vaults:4 | Found a ruined gateway.
 35395 | Vaults:4 | Reached XP level 21. HP: 142/142 MP: 21/21
 35407 | Desolati | Entered the Desolation of Salt
 35450 | Desolati | Reached skill level 15 in Shields
 35768 | Desolati | Received a gift from Trog
 35854 | Desolati | Got a coiled pewter amulet
 35858 | Desolati | Got a scintillating turquoise ring
 35929 | Desolati | Got a clouded golden ring
 36050 | Desolati | Identified the Incunabulum of Confrontation
 36185 | Desolati | Reached skill level 15 in Dodging
 36224 | Desolati | Identified the amulet "Umunerus" {Inacc rC+ MR+ Dex+2} (You
                  | found it in the Desolation of Salt)
 36225 | Desolati | Identified the ring "Siyzxaj" {rC+ rCorr Str+2 Dex-5} (You
                  | found it in the Desolation of Salt)
 36226 | Desolati | Identified the ring of Xom's Whimsicality {+Blink EV+3
                  | Str+4} (You found it in the Desolation of Salt)
 36429 | Vaults:4 | Received a gift from Trog
 36470 | Vaults:4 | Noticed Jory
 36484 | Vaults:4 | Noticed Saint Roka
 36498 | Vaults:4 | Killed Jory
 36520 | Vaults:4 | Killed Saint Roka
 37321 | Vaults:5 | Entered Level 5 of the Vaults
 37339 | Vaults:4 | Reached XP level 22. HP: 149/149 MP: 22/22
 37419 | Vaults:5 | Received a gift from Trog
 37425 | Vaults:5 | Noticed a golden dragon
 37425 | Vaults:5 | Identified the +10 broad axe of the Lair of Beasts {chop,
                  | Dex+3}
 37532 | Vaults:5 | Noticed an ancient lich
 37538 | Vaults:5 | Killed a golden dragon
 37555 | Vaults:5 | Received a gift from Trog
 37567 | Vaults:5 | Killed an ancient lich
 37599 | Vaults:5 | Reached XP level 23. HP: 156/156 MP: 23/23
 37847 | Vaults:5 | Found the +2 hat of the Bear Spirit {Spirit, +Rage rN+
                  | MR++}
 37851 | Vaults:5 | Found the ring of Phasing {EV+8}
 37874 | Vaults:5 | Got a twitching bronze amulet
 37880 | Vaults:5 | Identified the amulet "Idghit" {Harm *Drain rF- Int+3
                  | Dex+3} (You found it on level 5 of the Vaults)
 38177 | Vaults:5 | Got a silver rune of Zot
 38308 | Vaults:5 | Got a faintly glowing bronze ring
 38530 | Vaults:5 | Identified the ring of Qoaraara {rF+ rCorr Str-2 Dex+2
                  | Stlth+} (You found it on level 5 of the Vaults)
 39116 | Depths:1 | Entered Level 1 of the Depths
 39268 | Depths:1 | Found a runed translucent door.
 39363 | Depths:1 | Received a gift from Trog
 39663 | Depths:1 | You are sucked into a shaft and drop 1 floor!
 39770 | Depths:2 | Found a runed translucent door.
 39821 | Depths:2 | Paralysed by a floating eye for 2 turns
 39826 | Depths:2 | Noticed a caustic shrike
 40402 | Depths:2 | Noticed a juggernaut
 40417 | Depths:2 | Killed a juggernaut
 40543 | Depths:2 | Received a gift from Trog
 40866 | Depths:1 | Reached XP level 24. HP: 164/164 MP: 23/23
 41038 | Depths:1 | Found a gateway to Hell.
 41317 | Depths:3 | Noticed Boris
 41335 | Depths:3 | Killed Boris
 41545 | Depths:3 | Noticed a juggernaut
 41569 | Depths:3 | Killed a juggernaut
 41595 | Depths:3 | Received a gift from Trog
 41596 | Depths:3 | Noticed Xtahua
 41611 | Depths:3 | Killed Xtahua
 41690 | Depths:3 | Found Mibiagey's Food Boutique.
 41700 | Depths:3 | Gained mutation: You are dopey. (Int -2) [a neqoxec]
 41870 | Depths:3 | Found a one-way gate leading to the halls of Pandemonium.
 41901 | Depths:3 | Noticed an ancient lich
 41919 | Depths:3 | Killed an ancient lich
 42546 | Depths:4 | Received a gift from Trog
 42557 | Depths:4 | Found a gateway to a ziggurat.
 42676 | Depths:4 | Found Yhusmouk's Food Emporium.
 42678 | Depths:4 | Found Cuachaka's Gadget Shoppe.
 42680 | Depths:4 | Found Mongot's Food Emporium.
 42947 | Depths:4 | Found a one-way gate to the infinite horrors of the Abyss.
 42961 | Depths:4 | Found Qomif's General Store.
 42969 | Depths:4 | Bought the +3 pair of gloves of Elitism {+Fly MR+} for 649
                  | gold pieces
 43063 | Depths:4 | Reached XP level 25. HP: 171/171 MP: 23/23
 43331 | Depths:4 | Found the +5 robe of Misfortune {*Contam Harm *Corrode
                  | *Drain *Slow EV+5}
 43580 | Depths:5 | Entered Level 5 of the Depths
 43635 | Depths:5 | Received a gift from Trog
 44125 | Depths:5 | Received a gift from Trog
 44363 | Depths:5 | Found a gate to the Realm of Zot.
 44492 | Depths:5 | Noticed a juggernaut
 44507 | Depths:5 | Killed a juggernaut
 44838 | Zot:1    | Entered Level 1 of the Realm of Zot
 44874 | Zot:1    | Reached XP level 26. HP: 179/179 MP: 18/23
 45647 | Zot:1    | Found a runed translucent gate.
 45647 | Zot:1    | Noticed an ancient lich
 45654 | Zot:1    | Received a gift from Trog
 45665 | Zot:1    | Noticed an ancient lich
 45667 | Zot:1    | Noticed an ancient lich
 45669 | Zot:1    | Noticed Jofris Vesimp's ghost (legendary GnFE)
 45684 | Zot:1    | Noticed an ancient lich
 45815 | Zot:1    | Found a runed translucent gate.
 45815 | Zot:1    | Found a runed translucent gate.
 45816 | Zot:1    | Found an ancient bone altar of Kikubaaqudgha.
 45886 | Zot:2    | Noticed a Killer Klown
 45910 | Zot:2    | Killed a Killer Klown
 46811 | Zot:3    | Received a gift from Trog
 47011 | Zot:3    | Reached XP level 27. HP: 100/185 MP: 10/23
 50095 | Elf:1    | Entered Level 1 of the Elven Halls
 50328 | Elf:1    | Received a gift from Trog
 50459 | Elf:1    | Found a runed translucent gate.
 50459 | Elf:1    | Found a runed translucent gate.
 50459 | Elf:1    | Found a runed translucent gate.
 50459 | Elf:1    | Found a runed translucent gate.
 50459 | Elf:1    | Found a runed translucent gate.
 50460 | Elf:1    | Found a runed translucent gate.
 50914 | Elf:1    | Received a gift from Trog
 51144 | Elf:2    | Found Heikhluen's Gadget Boutique.
 51182 | Elf:2    | Identified a scroll of acquirement
 51223 | Elf:2    | Found Logh's Antique Armour Shoppe.
 51294 | Elf:2    | Found Oqenohoi's Weapon Boutique.
 51406 | Elf:2    | Received a gift from Trog
 51448 | Elf:2    | Received a gift from Trog
 51545 | Elf:2    | Found a runed translucent gate.
 51546 | Elf:2    | Found a runed translucent gate.
 51547 | Elf:2    | Found a runed translucent gate.
 51555 | Elf:2    | Noticed Xihoome's ghost (veteran MiGl)
 51570 | Elf:2    | Found Harurcheciw's Weapon Shop.
 51636 | Elf:2    | Found a runed translucent gate.
 51636 | Elf:2    | Found a runed translucent gate.
 51637 | Elf:2    | Found a runed translucent gate.
 51701 | Elf:2    | Found Tyahec's Book Emporium.
 52312 | Elf:2    | Killed Xihoome's ghost
 52389 | Elf:2    | Identified the +2 pair of gloves of the First Snow {rPois
                  | rC+++ Str-3} (You found it on level 2 of the Elven Halls)
 52438 | Elf:3    | Entered Level 3 of the Elven Halls
 52607 | Elf:3    | Received a gift from Trog
 52856 | Elf:3    | Identified the ring of Ryluibis {rF+ MR+ AC+1}
 52863 | Elf:3    | Identified the +7 quarterstaff "Depnales" {flame, Stlth+}
 52869 | Elf:3    | Identified the +4 lajatang of the Aged Gods {antimagic, rF+
                  | Dex-2 Stlth+}
 52936 | Elf:3    | Found the +7 great mace "Firestarter" {inner flame, rF++}
 53010 | Elf:3    | Identified the +5 war axe "Bej Wup" {holy, rC+ Int+3} (You
                  | found it on level 3 of the Elven Halls)
 53867 | Zot:5    | Entered Level 5 of the Realm of Zot
 53998 | Zot:5    | Received a gift from Trog
 54064 | Zot:5    | Noticed an ancient lich
 54106 | Zot:5    | Killed an ancient lich
 54240 | Zot:5    | Noticed an orb of fire
 54248 | Zot:5    | Lost mutation: You are dopey. (Int -2) [an orb of fire]
 54255 | Zot:5    | Gained mutation: Your magical capacity is low. (-10% MP)
                  | [an orb of fire]
 54259 | Zot:5    | Gained mutation: You are clumsy. (Dex -2) [an orb of fire]
 54260 | Zot:5    | Gained mutation: Scrolls take you a little longer to read.
                  | [an orb of fire]
 54262 | Zot:5    | Gained mutation: You are dopey. (Int -2) [an orb of fire]
 54272 | Zot:5    | Killed an orb of fire
 54535 | Zot:5    | Lost mutation: Your magical capacity is low. (-10% MP)
                  | [potion of mutation]
 54535 | Zot:5    | Lost mutation: You are dopey. (Int -2) [potion of mutation]
 54535 | Zot:5    | Lost mutation: Scrolls take you a little longer to read.
                  | [potion of mutation]
 54535 | Zot:5    | Gained mutation: You are partially covered in slimy green
                  | scales. (AC +2) [potion of mutation]
 54535 | Zot:5    | Gained mutation: Scrolls take you a little longer to read.
                  | [potion of mutation]
 54535 | Zot:5    | Gained mutation: You have a pair of small horns on your
                  | head. [potion of mutation]
 54536 | Zot:5    | Lost mutation: You are clumsy. (Dex -2) [potion of
                  | mutation]
 54536 | Zot:5    | Lost mutation: Scrolls take you a little longer to read.
                  | [potion of mutation]
 54536 | Zot:5    | Gained mutation: You are resistant to hostile enchantments.
                  | (MR+) [potion of mutation]
 54536 | Zot:5    | Gained mutation: You are frail. (-10% HP) [potion of
                  | mutation]
 54536 | Zot:5    | Gained mutation: You have a somewhat thin skeletal
                  | structure. (Dex +2, Stealth) [potion of mutation]
 54537 | Zot:5    | Lost mutation: You have a pair of small horns on your head.
                  | [potion of mutation]
 54537 | Zot:5    | Lost mutation: You are frail. (-10% HP) [potion of
                  | mutation]
 54537 | Zot:5    | Lost mutation: You have a somewhat thin skeletal structure.
                  | (Dex +2, Stealth) [potion of mutation]
 54537 | Zot:5    | Lost mutation: You are partially covered in slimy green
                  | scales. (AC +2) [potion of mutation]
 54537 | Zot:5    | Gained mutation: You are dopey. (Int -2) [potion of
                  | mutation]
 54537 | Zot:5    | Gained mutation: You evolve. [potion of mutation]
 54537 | Zot:5    | Gained mutation: You are agile. (Dex +2) [potion of
                  | mutation]
 54537 | Zot:5    | Gained mutation: You are covered in fur. (AC +1) [potion of
                  | mutation]
 54728 | Zot:5    | Gained mutation: You have a pair of small antennae on your
                  | head. [evolution]
 54995 | Zot:5    | Noticed an ancient lich
 55005 | Zot:5    | Noticed an orb of fire
 55016 | Zot:5    | Killed an ancient lich
 55022 | Zot:5    | Gained mutation: You are weak. (Str -2) [an orb of fire]
 55072 | Zot:5    | Noticed an ancient lich
 55087 | Zot:5    | Killed an ancient lich
 55091 | Zot:5    | Gained mutation: Your flesh is cold resistant. (rC+) [an
                  | orb of fire]
 55099 | Zot:5    | Killed an orb of fire
 55285 | Zot:5    | Received a gift from Trog
 55655 | Zot:5    | Got the Orb of Zot
 56328 | D:7      | Noticed Qoqodghat the pandemonium lord
 56597 | D:$      | Escaped with the Orb!

Levels and vault maps discovered:
D:1:      kb_arrival_jail, layout_basic, lemuel_flame_loot_1
D:2:      layout_loops_ring
D:3:      layout_basic, first_ration, uniq_natasha, uniq_jessica
D:4:      layout_loops_corners, xom_teletrap_fun, uniq_pikel, uniq_robin,
          uniq_duvessa, uniq_blork_the_orc
D:5:      kennysheep_windowed_halls, layout_rooms,
          minmay_temple_entry_sparse_star
D:6:      layout_layer_cave, serial_shops, nicolae_shop_trees, uniq_grinder
D:7:      layout_rooms
D:8:      minmay_thick_lines, layout_basic, zin_statuary,
          minmay_lair_entry_grove, basic_altar, serial_shops,
          nicolae_shop_overgrown_old_shop
D:9:      layout_grid_maze, makhleb_altar_promises_db, minitemple
D:10:     layout_big_octagon, basic_altar, serial_shops, nicolae_shop_stone
D:11:     layout_irregular_city, uniq_erolcha
D:12:     layout_roguey, orc_0_dummy, uniq_sonja
D:13:     gammafunk_dig_for_victory, layout_rooms, serial_shops,
          nicolae_shop_statue_plus, uniq_josephine
D:14:     layout_irregular_city, uniq_snorg, uniq_azrael
D:15:     grunt_enter_depths_hoard, layout_loops_ring, minmay_misc_feat_tiny
Temple:   nicolae_temple_x_marks_the_god
Lair:1:   statuecave_lemuel, layout_regular_city
Lair:2:   layout_chaotic_city, serial_bayou_shore_b, serial_bayou_shore_b
Lair:3:   layout_chaotic_city, shoals_dummy_entry, serial_bayou_pond_c,
          serial_bayou_pond_e, wad_woods_river_03, serial_bayou_crossing
Lair:4:   layout_gridlike, minmay_snake_entry_six_corridors,
          ebering_ghost_disaster_area, serial_bayou_shore_a
Lair:5:   kb_forest_paths, layout_regular_city, infiniplex_staircase_pool
Lair:6:   minmay_lair_end_frog_pond, layout_regular_city, slime_altar_2
Shoals:1: layout_shoals, nicolae_alphabet_shops
Shoals:2: layout_shoals, nicolae_shoals_cliffside_cave
Shoals:3: layout_shoals, nicolae_shoals_stone_sculpture_thing
Shoals:4: shoals_end_grunt_ice, layout_shoals, uniq_polyphemus, uniq_kirke
Snake:1:  layout_layer_cave, nicolae_snake_springs
Snake:2:  layout_onion, serial_bayou_shore_b, grunt_megastairs_4, uniq_jorgrun
Snake:3:  layout_cave_pods, corexii_hall_statues_i, serial_bayou_pond_a,
          abandoned_shop, uniq_aizul
Snake:4:  snake_hunt, layout_basic, grunt_megastairs_2
Orc:1:    layout_diamond_mine, basic_altar
Orc:2:    st_orc_rangers, layout_caves, gauntlet_entry_generic,
          nicolae_orc_tapped_out
Elf:1:    minmay_elf_arrival_summoners, layout_loops_cross, orc_legates
Elf:2:    layout_rooms, gammafunk_ghost_tricky_traps, serial_shops,
          nicolae_shop_waterfront, nicolae_shop_crystal,
          nicolae_shop_statue_plus, shop, shop_fountains
Elf:3:    grunt_elf_hall_spiral, layout_rooms
Vaults:1: nicolae_vaults_little_squares_6, v_misc_22, v_alt_pattern_5,
          hangedman_vaults_river_flow, nicolae_vaults_three_branches,
          nicolae_vaults_inception_corners, vaults_dpeg_ring, v_pattern_5,
          vaults_room_glass_cross, nicolae_vaults_network_square,
          vaults_room_large_hall, vaults_room_pools, grunt_vaults_diagonal,
          ontoclasm_vaults_fault, layout_vaults_maze_bifur
Vaults:2: ontoclasm_vaults_ring_square, nicolae_vaults_mini_display_case,
          nicolae_vaults_windows_and_doors_thing, v_misc_1,
          vaults_room_grunt_arrival_ludios, nicolae_vaults_disjoint_gnomons,
          vaults_standard_mumra_lines, vaults_room_pool, layout_vaults_omnigrid,
          serial_shops, nicolae_shop_crystal
Vaults:3: vaults_standard_mumra_x, nicolae_vaults_shelves_hall,
          vaults_dpeg_doors, nicolae_vaults_diagonal_hallway_7,
          minmay_crypt_entry_necro_gods, hangedman_vaults_stagger,
          hangedman_vaults_locks, ontoclasm_vaults_ligature, v_misc_26,
          v_rooms_5, nicolae_vaults_what_the_h, nicolae_vaults_meeting,
          vaults_room_door_ring, nicolae_vaults_little_squares_6,
          layout_vaults_omnibox, serial_shops, nicolae_shop_waterfront
Vaults:4: v_misc_11, nicolae_vaults_network_quinsquares
          [nicolae_vaults_network_quincunx_subvault,
          nicolae_vaults_network_quincunx_subvault,
          nicolae_vaults_network_quincunx_subvault,
          nicolae_vaults_network_quincunx_subvault], grunt_vaults_twisty,
          v_misc_4, nicolae_vaults_little_squares_1, v_misc_24,
          nicolae_vaults_fighting_squares, nicolae_vaults_alarming,
          layout_vaults_ring, portal_desolation_entry_nicolae_nacl,
          uniq_saint_roka, uniq_jory, uniq_frederick
Vaults:5: serial_shops
Depths:1: layout_twisted_cross, corexii_leaking_fountain, hellmouth_1,
          kennysheep_treasure_room
Depths:2: box_level_dp, hell_entry, abyss_entry
Depths:3: minmay_the_grid_4x2 [minmay_the_grid_large_cup,
          minmay_the_grid_dragon_a, minmay_the_grid_spikes,
          minmay_the_grid_outer_diamond, minmay_the_grid_minigrid_large,
          minmay_the_grid_zigzags, minmay_the_grid_holed_spiral,
          minmay_the_grid_prize_trominoes], layout_basic, serial_bayou_lagoon_a,
          grunt_pan_entry_spiral, hell_entry, special_room
          [special_room_morgue], serial_shops, nicolae_shop_trees,
          hangedman_abyss_or_decor_stagger, kennysheep_generic_room_8,
          uniq_xtahua, uniq_boris
Depths:4: four-leaf_vault, layout_small_grid, enter_ziggurat_e,
          pf_hell_entry_great_geh, minmay_misc_feat_more_columns,
          abyss_entry_crystal, pan_entry, serial_shops,
          nicolae_shop_temple_entry_statues_fountains,
          infiniplex_staircase_door_maze, minmay_shop_star
Depths:5: grunt_zot_entry_tricorne, layout_honeycomb, pf_coc_iceberg,
          abyss_entry
Zot:1:    layout_basic, gammafunk_ghost_crypt
Zot:2:    infiniplex_zot_generator, layout_onion_interference
Zot:3:    lemuel_draconian_sentries_small, layout_misc_corridors,
          skrybe_zot_glass_3
Zot:4:    layout_gridlike
Zot:5:    layout_twisted_circle, st_stairs_12

Skill      XL: |  1  2  3  4  5  6  7  8  9 10 11 12 13 14 15 16 17 18 19 20 21 22 23 24 25 26 27 |
---------------+----------------------------------------------------------------------------------+-----
Dodging        | 2 3 4 6 7 8 9 10 11 12 13 14 15 16 17 18 19 | 19.6
Axes           | 3 4 5 6 8 9 10 11 12 13 14 15 16 17 18 19 21 | 21.1
Armour         | 3 4 5 6 7 9 10 11 12 13 14 15 16 17 18 19 20 21 22 24 | 24.2
Fighting       | 4 5 7 8 9 10 12 13 14 15 16 17 18 19 20 21 22 24 | 24.2
Shields        | 3 6 8 10 11 12 13 14 15 16 17 18 19 20 22 | 22.2

Action                   |  1- 3 |  4- 6 |  7- 9 | 10-12 | 13-15 | 16-18 | 19-21 | 22-24 | 25-27 || total
-------------------------+-------+-------+-------+-------+-------+-------+-------+-------+-------++-------
Melee: Hand axe          |   137 |   148 |   292 |       |    87 |       |       |       |       ||   664
       War axe           |       |       |   153 |   566 |       |       |       |       |       ||   719
       Broad axe         |       |       |       |   197 |  1056 |  1443 |  1563 |  1159 |  2783 ||  8201
Invok: Berserk           |       |     4 |     5 |     9 |    10 |     1 |     1 |     5 |     8 ||    43
       Trog's Hand       |       |     4 |       |     1 |     2 |       |       |     1 |     6 ||    14
       Brothers in Arms  |       |       |       |     1 |     2 |       |       |       |     2 ||     5
 Abil: Fly               |       |       |       |       |     1 |       |       |       |       ||     1
Evoke: Wand              |       |       |       |       |       |       |       |       |     5 ||     5
  Use: Scroll            |       |       |    20 |    15 |     4 |     3 |     9 |     5 |    14 ||    70
       Potion            |       |       |       |       |       |       |       |       |     6 ||     6
 Stab: Petrified         |       |       |       |       |       |     2 |       |       |       ||     2
       Distracted        |       |       |       |       |       |       |       |     2 |     1 ||     3
       Confused          |       |       |       |       |       |       |       |       |     5 ||     5
  Eat: Chunk             |     1 |    10 |    14 |    30 |    34 |    27 |    21 |    24 |    44 ||   205
       Ration            |       |       |     1 |     1 |     3 |       |     1 |       |     4 ||    10
Armor: Animal skin       |    62 |    58 |     5 |       |       |       |       |       |       ||   125
       Chain mail        |       |       |   174 |       |       |       |       |       |       ||   174
       Plate armour      |       |       |   142 |   639 |   695 |   710 |   651 |   503 |   243 ||  3583
       Gold dragon scale |       |       |       |       |       |       |       |       |  1276 ||  1276
Dodge: Dodged            |   101 |   133 |   486 |   873 |   944 |   832 |   666 |   399 |   929 ||  5363
       Deflected         |       |       |       |       |       |    18 |    40 |    23 |    85 ||   166
Block: Buckler           |       |       |       |       |   263 |       |       |       |       ||   263
       Shield            |       |       |       |       |   269 |   650 |       |       |       ||   919
       Large shield      |       |       |       |       |       |   841 |  1556 |  1160 |  2959 ||  6516
